 Dungeon Crawl Stone Soup version 0.31-a0-1511-g961fd35 (webtiles) character file.

Game seed: 15939817929305679385

630 PublicAnimeNo1 the Firebug (level 7, -10/51 HPs)
             Began as a Demonspawn Fire Elementalist on Dec 29, 2023.
             Was a Follower of Sif Muna.
             Mangled by an ogre
             ... wielding a +0 giant spiked club
              (21 damage)
             ... on level 4 of the Dungeon.
             The game lasted 00:11:35 (4358 turns).

PublicAnimeNo1 the Firebug (DsFE)                   Turns: 4358, Time: 00:11:35

Health: -10/51     AC:  7    Str:  8    XL:     7   Next: 24%
Magic:  12/12      EV: 12    Int: 18    God:    Sif Muna [*.....]
Gold:   227        SH:  0    Dex: 13    Spells: 6/12 levels left

rFire   . . .        r - +4 dagger (venom)
rCold   . . .        (no shield)
rNeg    . . .        a - +0 robe
rPois   .            (no helmet)
rElec   .            n - +1 cloak
rCorr   .            m - +0 pair of gloves
SInv    .            q - +0 pair of boots
Will    .....        (no amulet)
Stlth   +            (no ring)
HPRegen 0.28/turn    (no ring)
MPRegen 0.13/turn

%: no passive effects
@: very slow
A: claws 2, sharp scales 1
a: Renounce Religion, Channel Magic


You were on level 4 of the Dungeon.
You worshipped Sif Muna.
Sif Muna was aware of your devotion.
You visited 1 branch of the dungeon, and saw 4 of its levels.
You also visited: Sewer.

You collected 227 gold pieces.

Inventory:

Hand Weapons
 i - a +0 vampiric dagger
 r - a +4 dagger of venom (weapon)
Armour
 a - a +0 robe (worn)
 m - a +0 pair of gloves (worn)
 n - a +1 cloak (worn)
 q - a +0 pair of boots (worn)
Scrolls
 d - a scroll of enchant armour
 e - 2 scrolls of identify
 h - a scroll of teleportation
 j - a scroll of poison
 k - a scroll of butterflies
Potions
 b - a potion of brilliance
 c - a potion of mutation
 g - a potion of curing {unknown}
 l - a potion of attraction {unknown}
 o - a potion of lignification {unknown}


   Skills:
 + Level 2.9 Fighting
 - Level 1.7 Dodging
 + Level 3.6 Stealth
 + Level 3.4 Spellcasting
 + Level 3.3 Conjurations
 * Level 4.8 Fire Magic


You had 6 spell levels left.
You knew the following spells:

 Your Spells              Type           Power      Damage    Failure   Level
a - Foxfire               Conj/Fire      68%        2x1d7     3%          1
b - Scorch                Fire           40%        2d6       3%          2
c - Volatile Blastmotes   Fire/Tloc      22%        2d11      17%         3

Your spell library contained the following spells:

 Spells                   Type           Power      Damage    Failure   Level
 Sting                    Conj/Alch      36%        1d5       8%          1
 Apportation              Tloc           6%         N/A       16%         1
 Necrotise                Necr           12%        1d4       16%         1
 Summon Small Mammal      Summ           12%        N/A       16%         1
 Inner Flame              Hex/Fire       11%        N/A       17%         3
 Flame Wave               Conj/Fire      17%        2d7       28%         4


Dungeon Overview and Level Annotations

Branches:
Dungeon (4/15)              Sewer (visited)
 Temple: D:4-7

Altars:
Sif Muna


Innate Abilities, Weirdness & Mutations

You have very sharp fingernails.
You are partially covered in razor-sharp scales. (AC +1, Slay +1)


Message History

The ogre's fire resistance burns away.
The ice beast misses you.
Casting: Foxfire (safe; 3% risk of failure)
Press: ? - help, Q - select action, (/) - cycle Dir - look around, f - activate You miscast Foxfire.
You are very lightly contaminated with residual magic.
Nothing appears to happen.
The ice beast hits you but does no damage.
Casting: Foxfire (safe; 3% risk of failure)
Press: ? - help, Q - select action, (/) - cycle Dir - look around, f - activate
Okay, then.
The ice beast is no longer more vulnerable to fire.
The ice beast attacks as it pursues you!
The ice beast hits you but does no damage.
Okay, then.
You hit the ice beast.
The ice beast is poisoned.
The ice beast is severely wounded.
The ogre is no longer more vulnerable to fire.
The ice beast hits you. The ice beast freezes you!
Casting: Foxfire (safe; 3% risk of failure)
Confirm with . or Enter, or press ? or * to list all spells.
Flames lash the ice beast.
The ice beast melts!
The ice beast is almost dead.
The ice beast's fire resistance burns away.
You kill the ice beast!
Sif Muna accepts your kill.
You enter the shallow water.
Moving in this stuff is going to be slow.
The ogre attacks as it pursues you!
The ogre hits you with a +0 giant spiked club!!
* * * LOW HITPOINT WARNING * * *
Your magical contamination has completely faded away.
You are confused.
You feel invigorated. The ogre closely misses you.
The ogre hits you with a +0 giant spiked club!
* * * LOW HITPOINT WARNING * * *
You feel less invigorated.
You feel less confused.
An adder comes into view.
The ogre hits you with a +0 giant spiked club!!
You die...

,,***,***,,*,* *,,,,,,,,,,,,,,,
,*,*,*,*,*,,,* ****************
***,***,*#*..# ### ,*,*,*,*,#.#.#
#≈# ,,***,***..#.# ##≈##
*,,*,,,*,,.#.###≈≈≈######
,,,,***,**#.!>#≈≈≈≈#...>###
***,,,,,,,,..##≈≈≈≈####...#######
***,,****#.##≈@~≈#....~....~~~.
#,** #.##O≈.~~~~~.~~~~~~~≈~
*####.######)#..≈≈~≈~~~.)~~~~≈~≈~
,.............S~≈~≈~~~≈~~~≈~~†~≈≈
,..........#.#[~.≈~.~~~†.~.~~~~~≈
*#########.#.#..~~..~~~.~.~~..#≈≈
#...#.######.#.#.###.#*~ #####.#
#.#...###.#** #.# #.#<..)...#~*


You could see an ogre and an adder (wandering).

Vanquished Creatures
  Grinder (D:3)
  An ice beast (D:4)
  2 bullfrogs (Sewer)
  Crazy Yiuf (D:2)
  5 adders
  7 ribbon worms
  10 orcs (D:3)
  11 ball pythons
  5 bats
  6 endoplasms
  14 giant cockroaches
  4 hobgoblins
  5 jackals
  5 quokkas
  11 frilled lizards
  8 goblins
  4 kobolds
  11 rats
111 creatures vanquished.

Vanquished Creatures (collateral kills)
  A foxfire (D:2)
1 creature vanquished.

Vanquished Creatures (others)
  168 foxfires
168 creatures vanquished.

Grand Total: 280 creatures vanquished

Notes
Turn   | Place    | Note
-------+----------+-------------------------------------------
     0 | D:1      | PublicAnimeNo1 the Demonspawn Fire Elementalist began the
                  | quest for the Orb.
     0 | D:1      | Reached XP level 1. HP: 13/13 MP: 3/3
   199 | D:1      | Gained mutation: You are partially covered in razor-sharp
                  | scales. (AC +1, Slay +1) [demonic ancestry]
   199 | D:1      | Reached XP level 2. HP: 20/20 MP: 0/5
   473 | D:1      | Learned a level 2 spell: Scorch
   575 | D:1      | Reached skill level 3 in Fire Magic
  1019 | D:2      | Reached skill level 1 in Fighting
  1019 | D:2      | Reached XP level 3. HP: 10/26 MP: 2/6
  1314 | D:2      | Found a faded altar of an unknown god.
  1588 | D:2      | Learned a level 3 spell: Volatile Blastmotes
  1729 | D:2      | Found a runed translucent door.
  1730 | D:2      | Noticed Crazy Yiuf
  1937 | D:2      | Killed Crazy Yiuf
  1938 | D:2      | Reached XP level 4. HP: 26/32 MP: 0/7
  2329 | D:3      | Found a shimmering blue altar of Sif Muna.
  2337 | D:3      | Became a worshipper of Sif Muna the Loreminder
  2443 | D:3      | Found a glowing drain.
  2447 | Sewer    | Entered a sewer
  2626 | Sewer    | Gained mutation: You have sharp fingernails. [demonic
                  | ancestry]
  2626 | Sewer    | Reached XP level 5. HP: 37/37 MP: 5/8
  2629 | Sewer    | Reached * piety under Sif Muna
  3168 | Sewer    | Reached skill level 4 in Fire Magic
  3171 | Sewer    | Reached XP level 6. HP: 40/44 MP: 3/10
  3832 | D:3      | Noticed Grinder
  3844 | D:3      | Paralysed by Grinder for 3 turns
  3857 | D:3      | Killed Grinder
  3858 | D:3      | Gained mutation: You have very sharp fingernails. [demonic
                  | ancestry]
  3858 | D:3      | Reached XP level 7. HP: 15/51 MP: 9/11
  4358 | D:4      | Mangled by an ogre

Illustrated notes

Levels and vault maps discovered:
D:1:      psy_arrival_statuary, layout_loops_ring, st_stairs_11
D:2:      layout_basic, hellmonk_ecumenical_altar_lost_god,
          uniq_crazy_yiuf_cottage
D:3:      layout_loops_cross, mainiacjoe_overflow_alcove_1,
          mainiacjoe_sewer_entry_somewhere_in_here_2, minmay_misc_feat_tower,
          nicolae_figureground_pulse, uniq_grinder
D:4:      layout_basic, lemuel_round_altar, general_overflow_altar,
          serial_rivers, chequers_serial_rivers_large_b,
          chequers_serial_rivers_micro_b, chequers_serial_rivers_micro_a,
          chequers_serial_rivers_large_a, chequers_serial_rivers_small_a,
          minmay_manual_mail

Skill      XL: |  1  2  3  4  5  6 |
---------------+-------------------+-----
Stealth        | 2 3 |  3.6
Fire Magic     | 3 4 |  4.8
Fighting       | 1 2 |  2.9
Conjurations   | 2 3 |  3.3
Spellcasting   | 3 |  3.4
Dodging        | |  1.7

Action                     |  1- 3 |  4- 6 |  7- 9 || total
---------------------------+-------+-------+-------++-------
  Melee: Unarmed           |    28 |       |       ||    28
         Punch             |     2 |       |     1 ||     3
         Dagger            |    22 |    88 |    14 ||   124
   Cast: Foxfire           |    54 |    47 |     7 ||   108
         Scorch            |     8 |    19 |     6 ||    33
    Use: Potion            |     1 |     1 |     1 ||     3
         Scroll            |       |     7 |     6 ||    13
   Stab: Sleeping          |       |     3 |       ||     3
 Armour: Robe              |    39 |    46 |    15 ||   100
  Dodge: Dodged            |    62 |    65 |     6 ||   133

Table legend: (Time is in decaauts)
 A = Elapsed time spent in this place.
 B = Non-inter-level travel time spent in this place.
 C = Inter-level travel time spent in this place.
 D = Time resting spent in this place.
 E = Time spent auto-exploring this place.
 F = Levels seen in this place.
 G = Mean time per level.
                   A        B        C        D        E       F      G
               +--------+--------+--------+--------+--------+-----+--------+
         Total |   4431 |   4295 |    136 |   1011 |   2341 |   5 |  886.2 |
       Dungeon |   3557 |   3421 |    136 |    528 |   2145 |   4 |  889.2 |
         Sewer |    874 |    874 |      0 |    483 |    196 |   1 |  874.0 |
               +--------+--------+--------+--------+--------+-----+--------+

Top non-repeatable levels by time:
     D:3: 1270 daAuts
     D:2: 1092 daAuts
     D:1: 936 daAuts
   Sewer: 874 daAuts
     D:4: 258 daAuts
